 Dungeon Crawl Stone Soup version 0.27-a0-1065-ge809cff456 (webtiles) character file.

Game seed: 13275602391014745552

46 strifetoe the Chopper (level 3, 0/31 HPs)
             Began as a Minotaur Fighter on Apr 23, 2021.
             Was a Follower of Dithmenos.
             Succumbed to an adder's poison
             ... on level 2 of the Dungeon.
             The game lasted 00:00:35 (838 turns).

strifetoe the Chopper (Minotaur Fighter)             Turns: 838, Time: 00:00:36

Health: 0/31       AC:  6    Str: 21    XL:     3   Next: 44%
Magic:  2/2        EV:  7    Int:  5    God:    Dithmenos [*.....]
Gold:   60         SH:  9    Dex:  9    Spells: 2/2 levels left

rFire    . . .     SeeInvis .   a - +0 war axe
rCold    . . .     Faith    .   c - +0 kite shield
rNeg     . . .     Spirit   .   b - +0 scale mail
rPois    .         Reflect  .   (helmet restricted)
rElec    .         Harm     .   (no cloak)
rCorr    .         Rampage  .   (no gloves)
Will     .....                  (no boots)
Stlth    ..........             (no amulet)
HPRegen  0.10/turn              (no ring)
MPRegen  0.08/turn              (no ring)

@: mighty, lethally poisoned (0 -> -1), wreathed by umbra
A: horns 2, retaliatory headbutt
a: Renounce Religion


You were on level 2 of the Dungeon.
You worshipped Dithmenos.
Dithmenos was aware of your devotion.
You visited 1 branch of the dungeon, and saw 2 of its levels.

You collected 60 gold pieces.

Inventory:

Hand Weapons
 a - a +0 war axe (weapon)
Armour
 b - a +0 scale mail (worn)
 c - a +0 kite shield (worn)
Jewellery
 e - a ring of wizardry
 h - an amulet of faith
 i - an amulet of magic regeneration
Scrolls
 f - a scroll of blinking {unknown}
 g - a scroll of magic mapping {unknown}


   Skills:
 - Level 3.6 Fighting
 + Level 4.7 Axes
 - Level 3.6 Armour
 - Level 3.6 Shields


You had 2 spell levels left.
You didn't know any spells.
Your spell library was empty.

Dungeon Overview and Level Annotations

Branches:
Dungeon (2/15)

Altars:
Dithmenos


Innate Abilities, Weirdness & Mutations

You have a pair of horns on your head.
You reflexively headbutt those who attack you in melee.


Message History

You feel sick. The adder bites you.
The adder bites you but does no damage. x2
You block the adder's attack.
You miss the adder.
The adder is lightly wounded.
You closely miss the adder.
You feel sick. You block the adder's attack. The adder bites you. x2
* * * LOW HITPOINT WARNING * * *
The adder bites you but does no damage.
Unknown command.
You slash the adder!
You kill the adder!
Dithmenos accepts your kill.
Your shield and scale mail prevent you from hitting the adder.
You feel sick.
You are no longer poisoned.
The adder bites you but does no damage. The adder bites you.
* * * LOW HITPOINT WARNING * * *
You are lethally poisoned!
The adder poisons you! You block the rat's attack.
You have reached level 3!
Your experience leads to an increase in your attributes!
Increase (S)trength, (I)ntelligence, or (D)exterity?
You feel stronger.
You feel very mighty all of a sudden.
* * * LOW HITPOINT WARNING * * *
You feel sick. You block the adder's attack. The rat closely misses you.
Unknown command.
You barely miss the rat. Your headbutt misses the rat. You miss the adder.
* * * LOW HITPOINT WARNING * * *
You feel sick. You block the adder's attack.
The rat bites you but does no damage. You block the adder's attack.
You closely miss the rat. You slash the adder!
You kill the adder!
Dithmenos accepts your kill.
* * * LOW HITPOINT WARNING * * *
You feel sick. The rat barely misses you. The rat closely misses you.
You furiously retaliate!
You headbutt the rat!
You kill the rat!
Dithmenos accepts your kill.
You die...

..#.......# (
#.#.......## ...
#.##........ #...
#.#.......#
#..###.#.......#
###...<.#.......##
........<..........
####.###.###.....##
#...@....####...
.......#..#....# .
##.###.#.># ##.#
...!... .#........
..#...>....# .#
#......#... ..
..#.....##.
##.#.###..


There were no monsters in sight!

Vanquished Creatures
  2 adders (D:2)
  A dart slug (D:1)
  An orc (D:2)
  2 endoplasms (D:1)
  A giant cockroach (D:2)
  A hobgoblin (D:1)
  7 jackals
  A kobold (D:1)
  2 quokkas
  A bat (D:1)
  3 rats
22 creatures vanquished.

Notes
Turn   | Place    | Note
-------+----------+-------------------------------------------
     0 | D:1      | strifetoe the Minotaur Fighter began the quest for the Orb.
     0 | D:1      | Reached XP level 1. HP: 19/19 MP: 0/0
    65 | D:1      | Reached skill level 3 in Axes
   208 | D:1      | Reached XP level 2. HP: 24/26 MP: 1/1
   358 | D:1      | Found a faded altar of an unknown god.
   693 | D:1      | Became a worshipper of Dithmenos the Shadowed
   693 | D:1      | Reached * piety under Dithmenos
   814 | D:2      | Reached skill level 4 in Axes
   835 | D:2      | Reached XP level 3. HP: 6/31 MP: 2/2
   837 | D:2      | HP: 1/31 [poisoned by an adder]
   838 | D:2      | Succumbed to an adder's poison

Illustrated notes

Levels and vault maps discovered:
D:1:      minmay_arrival_diagonal_passages, layout_loops_ring,
          basic_ecumenical_altar, st_stairs_12, corner_web_ring
D:2:      layout_rooms, basic_altar, minmay_misc_feat_roman

Skill      XL: |  1  2 |
---------------+-------+-----
Axes           | 3 4 |  4.7
Fighting       | |  3.6
Armour         | |  3.6
Shields        | |  3.6

Action                   || total
-------------------------++-------
Melee: War axe           ||    48
       Headbutt          ||     8
  Use: Potion            ||     1
Armor: Scale mail        ||    40
Dodge: Dodged            ||    23
Block: Kite shield       ||    33

Table legend: (Time is in decaauts)
 A = Elapsed time spent in this place.
 B = Non-inter-level travel time spent in this place.
 C = Inter-level travel time spent in this place.
 D = Time resting spent in this place.
 E = Time spent auto-exploring this place.
 F = Levels seen in this place.
 G = Mean time per level.
                   A        B        C        D        E       F      G
               +--------+--------+--------+--------+--------+-----+--------+
         Total |    864 |    821 |     43 |      0 |    711 |   2 |  432.0 |
       Dungeon |    864 |    821 |     43 |      0 |    711 |   2 |  432.0 |
               +--------+--------+--------+--------+--------+-----+--------+

Top non-repeatable levels by time:
     D:1: 826 daAuts
     D:2: 38 daAuts
